 Dungeon Crawl Stone Soup version 0.21-a0-94-gdd6ab6a (webtiles) character file.

87 Lektor the Cutter (level 4, -7/26 HPs)
             Began as a Kobold Gladiator on July 3, 2017.
             Killed by nerve-wracking pain
             ... invoked by Grinder
              (10 damage)
             ... on level 3 of the Dungeon.
             The game lasted 00:11:36 (2062 turns).

Lektor the Cutter (Kobold Gladiator)                Turns: 2062, Time: 00:11:37

Health: -7/26      AC:  9    Str: 11 (14) XL:     4   Next: 80%
Magic:  4/4        EV: 15    Int:  6 (9)  God:
Gold:   125        SH:  4    Dex: 14 (17) Spells: 3/3 levels left

rFire    . . .     SeeInvis .   t - +0 dagger
rCold    . . .     Gourm    .   q - +0 buckler
rNeg     . . .     Faith    .   b - +0 leather armour
rPois    .         Spirit   .   c - +1 helmet
rElec    .         Reflect  .   (no cloak)
rCorr    .         Harm     .   (no gloves)
MR       .....                  (no boots)
Stlth    +++.......             (no amulet)
HPRegen  0.08/turn              (no ring)
MPRegen  0.09/turn              (no ring)

@: mighty, hasted, very quick
A: molten scales 1, yellow scales 1, camouflage 1, carnivore 3, weak 1
a: no special abilities


You were on level 3 of the Dungeon.
You were full.

You visited 1 branch of the dungeon, and saw 3 of its levels.

You collected 125 gold pieces.

Inventory:

Hand Weapons
 a - a +0 rapier
 l - a +0 blowgun
 t - a +0 dagger (weapon)
Missiles
 d - 3 throwing nets (quivered)
 m - 42 stones
 p - 15 poisoned needles
 u - 19 bolts
 x - 6 curare-tipped needles
Armour
 b - a +0 leather armour (worn)
 c - a +1 helmet (worn)
 q - a +0 buckler (worn)
Scrolls
 h - a scroll of identify
 k - a scroll of recharging
Potions
 e - a potion of invisibility
 g - a potion of degeneration
Comestibles
 f - a meat ration
 v - a royal jelly


   Skills:
 - Level 2.1 Fighting
 * Level 6.5 Short Blades
 - Level 2.2 Throwing
 - Level 3.7 Dodging
 + Level 1.5 Stealth


You had 3 spell levels left.
You didn't know any spells.

Dungeon Overview and Level Annotations

Branches:
Dungeon (3/15)

Altars:

Annotations:
D:3 Grinder; Ordine's ghost, amateur DEWz


Innate Abilities, Weirdness & Mutations

You are small and have problems with some larger weapons.
You are carnivorous and can eat meat at any time.
You are partially covered in molten scales. (AC +2)
You are partially covered in yellow scales. (AC +2)
Your skin changes colour to match your surroundings (Stealth+).
You are weak. (Str -2)


Message History

Your +1 helmet unmelds from your body.
Your +0 leather armour unmelds from your body.
You feel a little less clever now. Grinder hits you but does no damage.
It was a potion of haste.
You feel yourself speed up. Grinder closely misses you.
You hit Grinder but do no damage.
Grinder is lightly wounded.
You hit Grinder but do no damage.
Grinder is lightly wounded.
Grinder gestures at you. Pain shoots through your body!
* * * LOW HITPOINT WARNING * * *
It was a potion of might.
You feel very mighty all of a sudden.
You hit Grinder.
Grinder is lightly wounded.
Grinder gestures at you. Pain shoots through your body!
You die...

##### ....# ###.# #.#
#.####################
#.....>...............
#.####.#######@..####
#.####.......+5..+
#.........####...#
#########.# #!..# #.#
#...# #.# #...#
###.####...#
#......#...#
####.#....#


You could see Grinder.

Vanquished Creatures
  2 adders
  2 oozes
  A worm (D:2)
  2 dart slugs
  2 leopard geckos
  2 orcs (D:3)
  3 ball pythons
  2 bats (D:1)
  3 giant cockroaches
  4 goblins
  8 hobgoblins
  6 jackals (D:1)
  4 kobolds
  2 frilled lizards
  3 rats (D:1)
46 creatures vanquished.

Notes
Turn   | Place    | Note
-------+----------+-------------------------------------------
     0 | D:1      | Lektor the Kobold Gladiator began the quest for the Orb.
     0 | D:1      | Reached XP level 1. HP: 12/12 MP: 1/1
   179 | D:1      | Reached XP level 2. HP: 8/17 MP: 2/2
   479 | D:1      | Reached skill level 5 in Short Blades
   499 | D:1      | Reached XP level 3. HP: 10/21 MP: 3/3
   860 | D:1      | Reached skill level 1 in Stealth
  1273 | D:2      | Reached XP level 4. HP: 11/26 MP: 4/4
  1284 | D:2      | Reached skill level 6 in Short Blades
  1780 | D:3      | Noticed Ordine's ghost (amateur DEWz)
  2020 | D:3      | Noticed Grinder
  2021 | D:3      | Paralysed by Grinder for 6 turns
  2034 | D:3      | Gained mutation: You are weak. (Str -2) [potion of mutation]
  2034 | D:3      | Gained mutation: You are partially covered in molten scales. (AC +2) [potion of mutation]
  2034 | D:3      | Gained mutation: You are partially covered in yellow scales. (AC +2) [potion of mutation]
  2034 | D:3      | Gained mutation: Your skin changes colour to match your surroundings (Stealth+). [potion of mutation]
  2034 | D:3      | Paralysed by Grinder for 5 turns
  2062 | D:3      | Killed from afar by Grinder

Vault maps used:
D:1:      dpeg_arrival_tiny_i
D:3:      minitemple, first_bread, uniq_grinder

Skill      XL: |  1  2  3  4 |
---------------+-------------+-----
Short Blades   | 5 6 |  6.5
Stealth        | 1 |  1.5
Fighting       | |  2.1
Throwing       | |  2.2
Dodging        | |  3.7

Action                   |  1- 3 |  4- 6 || total
-------------------------+-------+-------++-------
Melee: Rapier            |    88 |       ||    88
       Dagger            |    20 |   117 ||   137
Throw: Stone             |       |    12 ||    12
       Throwing net      |       |     3 ||     3
  Use: Scroll            |     2 |     5 ||     7
       Potion            |       |     7 ||     7
 Stab: Sleeping          |     2 |     1 ||     3
       Distracted        |       |     1 ||     1
  Eat: Chunk             |     8 |     1 ||     9
Armor: Leather armour    |    17 |     9 ||    26
       Skin              |       |     5 ||     5
Dodge: Dodged            |    83 |    64 ||   147
Block: Buckler           |       |     5 ||     5
